 Dungeon Crawl Stone Soup version 0.18-a0-1774-gce1f7b6 (webtiles) character file.

361 M4edhros the Insei (level 6, -2/47 HPs)
             Began as a Mummy Monk on Apr 15, 2016.
             Slain by a worker ant (6 damage)
             ... on level 4 of the Dungeon.
             The game lasted 00:03:45 (3839 turns).

M4edhros the Insei (Mummy Monk)                     Turns: 3839, Time: 00:03:46

Health: -2/47      AC:  2    Str: 14      XL:     6   Next: 38%
Magic:  6/6        EV: 12    Int:  9      God:
Gold:   151        SH:  0    Dex: 11 (17) Spells: 0 memorised, 5 levels left

rFire  x . .     SeeInvis .       - Unarmed
rCold  + . .     Gourm    .     (no armour)
rNeg   + + +     Faith    .     (no shield)
rPois  ∞         Spirit   .     d - +0 helmet
rElec  .         Dismiss  .     f - +0 cloak
rCorr  .         Reflect  .     (no gloves)
SustAt .         Harm     .     (no boots)
MR     .....                    (no amulet)
Stlth  ++........               (no ring)
                                h - ring of flight

@: about to teleport, not resistant to hostile enchantments, unstealthy
A: no food or potions, fire vulnerability, cold resistance 1, negative energy
resistance 3, torment resistance, unbreathing
a: Evoke Flight


You were on level 4 of the Dungeon.
You were not hungry.

You visited 1 branch of the dungeon, and saw 4 of its levels.

You collected 151 gold pieces.

Inventory:

Armour
 d - a +0 helmet (worn)
 f - a +0 cloak (worn)
Jewellery
 h - a ring of flight (left hand)
Wands
 k - a wand of disintegration (6/24) (quivered)
Scrolls
 a - 3 scrolls of identify {unknown}
 b - a scroll of remove curse
 c - a scroll of teleportation
 e - 4 scrolls of random uselessness {unknown}
 g - a scroll of magic mapping {unknown}
 i - a scroll of enchant armour {unknown}
 j - a scroll of fog {unknown}
 l - a scroll of noise {unknown}
 m - a scroll of enchant weapon {unknown}


   Skills:
 - Level 3.0 Fighting
 - Level 2.4 Dodging
 - Level 1.5 Stealth
 + Level 6.4 Unarmed Combat


You had 5 spell levels left.
You didn't know any spells.

Dungeon Overview and Level Annotations

Branches:
Dungeon (4/15)
 Temple: D:4-7

Altars:
Makhleb
Zin

Annotations:
D:3 exclusion: ice beast, Grinder


Innate Abilities, Weirdness & Mutations

You do not eat or drink.
Your flesh is vulnerable to fire.
You are immune to poison.
Your flesh is cold resistant.
You are immune to negative energy.
You are immune to unholy pain and torment.
You can survive without breathing.


Message History

You hit the adder.
The adder is almost dead.
The worker ant bites you.
* * * LOW HITPOINT WARNING * * *
The adder bites you.
* * * LOW HITPOINT WARNING * * *
You punch the adder!
You kill the adder!
The worker ant bites you.
* * * LOW HITPOINT WARNING * * *
You can't drink.
Read which item? (? for menu, Esc to quit)
As you read the scroll labeled UKHLYI HIBRAJEO, it crumbles to dust.
You feel as if something is helping you.
It was a scroll of remove curse.
The worker ant closely misses you.
Read which item? (? for menu, Esc to quit)
As you read the scroll labeled MUOXTA QATT, it crumbles to dust.
You feel strangely unstable.
It was a scroll of teleportation.
The worker ant closely misses you. The worker ant bites you.
You die...

##.....## ..#
##.......##
...
#.........#
###
#.........#
#......<..# .
#..)......#
..
#.........^.
..
#..:......###
..
#..@......#
..
#.a.......#
..
#.........#
#.........#
##.......##
##.....##
#######


You could see a worker ant.

Vanquished Creatures
  A phantom (D:4)
  A quasit (D:4)
  A hound (D:4)
  2 orc wizards (D:4)
  A worker ant (D:4)
  A gnoll (D:2)
  5 adders
  2 oozes
  An adder zombie (D:4)
  A worm (D:2)
  2 dart slugs
  2 giant geckos
  6 orcs
  8 bats
  4 giant cockroaches
  5 hobgoblins
  3 jackals (D:2)
  3 kobolds
  6 giant newts
  5 goblins
  A quokka skeleton (D:4)
  3 rats
64 creatures vanquished.

Notes
Turn   | Place    | Note
--------------------------------------------------------------
     0 | D:1      | M4edhros the Mummy Monk began the quest for the Orb.
     0 | D:1      | Reached XP level 1. HP: 18/18 MP: 1/1
    83 | D:1      | Reached XP level 2. HP: 3/24 MP: 2/2
   746 | D:1      | Reached skill level 4 in Unarmed Combat
   970 | D:1      | Reached XP level 3. HP: 3/29 MP: 3/3
  1707 | D:2      | Reached XP level 4. HP: 25/35 MP: 4/4
  1777 | D:2      | Found a burning altar of Makhleb.
  1782 | D:2      | Found a glowing silver altar of Zin.
  1782 | D:2      | Noticed an angel
  1783 | D:2      | Noticed a green death
  2544 | D:3      | Reached skill level 5 in Unarmed Combat
  2656 | D:3      | Noticed an ice beast
  2809 | D:3      | Noticed Grinder
  2847 | D:4      | Reached XP level 5. HP: 15/41 MP: 5/5
  3600 | D:4      | Reached skill level 6 in Unarmed Combat
  3600 | D:4      | Reached XP level 6. HP: 20/47 MP: 6/6
  3839 | D:4      | Slain by a worker ant

Vault maps used:
D:1:      kennysheep_arrival_seaside
D:2:      grunt_temple_overflow_order_and_chaos_2, first_bread
D:3:      uniq_natasha, uniq_grinder, uniq_jessica, uniq_robin

Skill      XL: |  1  2  3  4  5 |
---------------+----------------+-----
Unarmed Combat | 4 5 6 |  6.4
Fighting       | |  3.0
Dodging        | |  2.4
Stealth        | |  1.5

Action                   |  1- 3 |  4- 6 || total
-------------------------+-------+-------++-------
Melee: Unarmed           |   138 |   187 ||   325
       Punch             |     4 |     5 ||     9
  Use: Scroll            |       |     2 ||     2
 Stab: Sleeping          |     3 |     2 ||     5
Armor: Skin              |    21 |    31 ||    52
Dodge: Dodged            |   109 |   154 ||   263
